 Dungeon Crawl Stone Soup version 0.29.1-1-gd02db69 (webtiles) character file.

Game seed: 5786295383125156612

66 Timinator the Insei (level 3, -1/28 HPs)
             Began as a Demigod Transmuter on Dec 21, 2022.
             Slain by a gnoll
             ... wielding a +2 whip of venom
              (11 damage)
             ... on level 3 of the Dungeon.
             The game lasted 00:07:20 (2380 turns).

Timinator the Insei (Demigod Transmuter)            Turns: 2380, Time: 00:07:21

Health: -1/28      AC:  4    Str: 11    XL:     3   Next: 69%
Magic:  8/8        EV: 16    Int: 15    God:
Gold:   93         SH:  0    Dex: 18    Spells: 3/6 levels left

rFire   . . .      SeeInvis .     - Unarmed
rCold   . . .      Faith    .   (no shield)
rNeg    . . .      Spirit   .   k - +0 leather armour
rPois   .          Reflect  .   n - +0 helmet
rElec   .          Harm     .   (no cloak)
rCorr   .          Rampage  .   (no gloves)
Will    .....                   (no boots)
Stlth   +.........              (no amulet)
HPRegen 0.09/turn               h - ring of wizardry
MPRegen 0.11/turn               r - +4 ring of evasion

@: no status effects
A: high MP 1, forlorn, divine attributes
a: no special abilities


You were on level 3 of the Dungeon.
You visited 1 branch of the dungeon, and saw 3 of its levels.

You collected 93 gold pieces.

Inventory:

Missiles
 i - a throwing net
Armour
 k - a +0 leather armour (worn)
 n - a +0 helmet (worn)
 t - a +0 ring mail
Jewellery
 h - a ring of wizardry (left hand)
 r - a +4 ring of evasion (right hand)
Scrolls
 e - a scroll of blinking {unknown}
 f - 3 scrolls of identify {unknown}
 j - a scroll of fog {unknown}
 l - a scroll of torment {unknown}
 m - a scroll of noise {unknown}
 o - 2 scrolls of teleportation {unknown}
 p - a scroll of silence {unknown}
 q - a scroll of immolation {unknown}
 s - a scroll of brand weapon {unknown}
Potions
 b - 2 potions of lignification
 c - a potion of heal wounds {unknown}
 d - a potion of invisibility {unknown}
 g - a potion of mutation {unknown}


   Skills:
 * Level 1.3 Fighting
 * Level 1.0 Armour
 * Level 2.2 Dodging
 + Level 3.1 Unarmed Combat
 + Level 2.1 Spellcasting
 * Level 2.2 Transmutations


You had 3 spell levels left.
You knew the following spells:

 Your Spells              Type           Power      Damage    Failure   Level
a - Beastly Appendage     Tmut           16%        N/A       4%          1
b - Wereblood             Tmut           8%         N/A       7%          2

Your spell library contained the following spells:

 Spells                   Type           Power      Damage    Failure   Level
 Blink                    Tloc           2%         N/A       17%         2
 Spider Form              Tmut/Pois      4%         N/A       22%         3
 Ignite Poison            Fire/Tmut/Pois 3%         N/A       26%         3
 Conjure Flame            Conj/Fire      1%         6-21      32%         3
 Lesser Beckoning         Tloc           1%         N/A       32%         3
 Stone Arrow              Conj/Erth      2%         3d7       32%         3
 Ice Form                 Ice/Tmut       4%         N/A       56%         4
 Animate Armour           Summ/Erth      2%         N/A       71%         4
 Sticky Flame             Conj/Fire      1%         2d3       71%         4
 Manifold Assault         Tloc           1%         N/A       95%         5
 Lehudib's Crystal Spear  Conj/Erth      0%         10d2      100%        8


Dungeon Overview and Level Annotations

Branches:
Dungeon (3/15)

Annotations:
D:3 Terence


Innate Abilities, Weirdness & Mutations

You have an increased reservoir of magic. (+10% MP)
You shall have no god before yourself.
Your divine heritage dramatically boosts your attributes as you level up.


Message History

The kobold is severely wounded.
Your transformation is almost over.
The gnoll hits you but does no damage.
The kobold hits you with a +0 short sword.
You closely miss the kobold.
The kobold is severely wounded.
The gnoll barely misses you.
The kobold hits you with a +0 short sword.
You hit the kobold but do no damage. You headbutt the kobold.
You feel a bit better.
You kill the kobold!
Terence the Incautious comes into view.
He is wielding a +2 flail of protection.
You howl as the wereblood boils in your veins!
You hear a shout!
The gnoll misses you.
You hit the gnoll. You claw the gnoll.
The gnoll is severely wounded.
The gnoll hits you with a +0 spear.
You hit the gnoll but do no damage. You claw the gnoll, but do no damage.
The gnoll is severely wounded.
The gnoll hits you with a +0 spear.
You hit the gnoll. You claw the gnoll.
You feel a bit better.
You kill the gnoll!
Your horns disappear.
Your talons disappear.
Your +0 helmet unmelds from your body.
Your Armour skill increases to level 1!
Casting: Wereblood (safe; 7% risk of failure)
Confirm with . or Enter, or press ? or * to list all spells.
Okay, then.
Your primal bloodlust is almost over.
Your primal bloodlust has ended.
The gnoll attacks as you move away!
The gnoll hits you with a +2 whip of venom!
The gnoll attacks as you move away! The gnoll barely misses you.
The gnoll throws a throwing net.
The throwing net misses you.
You see here a throwing net.
There is an open door here.
The gnoll attacks as you move away!
The gnoll hits you with a +2 whip of venom!
You die...

#..#.####.............#
..###..###........###.#
#..#..#.###.♣♣♣♣+♣♣♣♣.#
##...#### #.+.......'.#
#..#..# #♣.#...#.♣##
..###...# ♣.#._.#.♣ #..#
.#.# ♣.#...#.♣ ##...####
+.......+ # .#.
♣♣♣♣@♣♣♣♣.# # #.g...#.# .
####.g.....#
##.......###....@.....#
#.....................#
.........###..........###
..............[..........#
...@.....###..#.g.....##.#
.............##.......# #


You could see Terence and 3 gnolls.

Vanquished Creatures
  A gnoll (D:3)
  A worm (D:2)
  A dart slug (D:1)
  An orc (D:3)
  3 ball pythons
  2 endoplasms
  A giant cockroach (D:2)
  4 goblins
  5 hobgoblins
  3 jackals (D:1)
  3 quokkas
  7 bats
  A frilled lizard (D:1)
  8 kobolds
  3 rats
44 creatures vanquished.

Notes
Turn   | Place    | Note
-------+----------+-------------------------------------------
     0 | D:1      | Timinator the Demigod Transmuter began the quest for the
                  | Orb.
     0 | D:1      | Reached XP level 1. HP: 15/15 MP: 5/5
    98 | D:1      | Reached skill level 1 in Fighting
   454 | D:1      | Reached XP level 2. HP: 19/23 MP: 7/7
   663 | D:1      | Reached skill level 3 in Unarmed Combat
   825 | D:1      | Learned a level 2 spell: Wereblood
  1352 | D:2      | Reached XP level 3. HP: 28/28 MP: 6/8
  2274 | D:3      | Identified the +0 ring mail of Idiciowo {*Slow +Blink rCorr
                  | Str+2}
  2355 | D:3      | Noticed Terence
  2362 | D:3      | Reached skill level 1 in Armour
  2380 | D:3      | Slain by a gnoll

Illustrated notes

Levels and vault maps discovered:
D:1:      dpeg_arrival_lava_altar, layout_loops_corners, chequers_mini_garden,
          minmay_misc_feat_more_columns
D:2:      layout_basic, nicolae_ecumenical_pavilion, st_stairs_8
D:3:      layout_rooms, mainiacjoe_overflow_chevrons,
          mainiacjoe_overflow_six_doors_small, minmay_misc_feat_room,
          hangedman_feature_mirror, st_stairs_5, kennysheep_doodads,
          kennysheep_orc_chapel, uniq_terence, uniq_sigmund

Skill      XL: |  1  2  3 |
---------------+----------+-----
Fighting       | 1 |  1.3
Transmutations | 2 |  2.2
Unarmed Combat | 3 |  3.1
Dodging        | 2 |  2.2
Spellcasting   | 2 |  2.1
Armour         | 1 |  1.0

Action                   || total
-------------------------++-------
Melee: Unarmed           ||   114
       Kick              ||    33
       Headbutt          ||    15
       Punch             ||     1
 Cast: Beastly Appendage ||    28
       Wereblood         ||     2
Armor: Robe              ||    12
       Leather armour    ||    14
Dodge: Dodged            ||    80
